 Dungeon Crawl Stone Soup version 0.28-a0-895-g6e5f11bd55 (webtiles) character file.

Game seed: 13609740296868159636

128 patchburns1 the Skirmisher (level 4, -1/37 HPs)
             Began as a Demonspawn Fighter on Nov 22, 2021.
             Was an Initiate of Gozag.
             Succumbed to a scorpion's poison
             ... on level 4 of the Dungeon.
             The game lasted 00:11:58 (2941 turns).

patchburns1 the Skirmisher (Demonspawn Fighter)     Turns: 2941, Time: 00:11:58

Health: -1/37      AC:  6    Str: 17    XL:     4   Next: 86%
Magic:  4/4        EV:  7    Int:  9    God:    Gozag
Gold:   141        SH:  8    Dex: 13    Spells: 3/3 levels left

rFire   . . .      SeeInvis .   a - +0 trident
rCold   . . .      Faith    .   n - +0 kite shield
rNeg    . . .      Spirit   .   b - +0 scale mail
rPois   .          Reflect  .   (no helmet)
rElec   .          Harm     .   (no cloak)
rCorr   .          Rampage  .   (no gloves)
Will    .....                   (no boots)
Stlth   ..........              (no amulet)
HPRegen 0.12/turn               (no ring)
MPRegen 0.09/turn               (no ring)

@: lethally poisoned (-1 -> -12), gold aura, flying, hasted, very quick
A: weakness stinger 1
a: Renounce Religion, Potion Petition, Call Merchant, Bribe Branch


You were on level 4 of the Dungeon.
You worshipped Gozag.
Gozag was aware of your devotion.
You visited 1 branch of the dungeon, and saw 4 of its levels.

You collected 163 gold pieces.
You paid 22 gold pieces to Gozag.

Inventory:

Hand Weapons
 a - a +0 trident (weapon)
 f - a +2 short sword of electrocution
Missiles
 k - 51 stones (quivered)
 q - 36 bolts
 r - 2 poisoned darts
Armour
 b - a +0 scale mail (worn)
 c - a +0 buckler
 n - a +0 kite shield (worn)
Scrolls
 e - 2 scrolls of identify {unknown}
 h - 2 scrolls of blinking {unknown}
 i - 2 scrolls of magic mapping {unknown}
 m - a scroll of silence {unknown}
 o - a scroll of enchant armour {unknown}
 p - a scroll of fear {unknown}
Potions
 d - a potion of might


   Skills:
 * Level 3.7 Fighting
 * Level 2.5 Polearms
 + Level 0.8 Throwing
 * Level 3.3 Armour
 + Level 0.8 Dodging
 * Level 3.3 Shields
 + Level 0.1 Evocations


You had 3 spell levels left.
You didn't know any spells.
Your spell library contained the following spells:

 Spells                   Type           Power      Damage    Failure   Level
 Animate Skeleton         Necr           0%         N/A       99%         1
 Pain                     Necr           0%         1d4       99%         1
 Sublimation of Blood     Necr           0%         N/A       100%        2
 Wereblood                Tmut           0%         N/A       100%        2
 Vampiric Draining        Necr           0%         2d6       100%        3
 Summon Hydra             Summ           0%         N/A       100%        7


Dungeon Overview and Level Annotations

Branches:
Dungeon (4/15)
 Temple: D:4-7

Altars:
Gozag


Innate Abilities, Weirdness & Mutations

You have a small tail.


Message History

The orc hits you from afar with a +0 trident.
The orc closely misses you. The orc closely misses you.
Reach: a) +0 trident
Press: ? - help, Dir - move target, f - orc, p - orc
Aim: an orc, wielding a +0 trident and wearing a +0 leather armour (about 43% to evade your +0 trident)
You reach to attack!
You puncture the orc!
You kill the orc!
You barely miss the scorpion. The scorpion stings you!
You are poisoned.
The scorpion poisons you! The scorpion stings you.
You are lethally poisoned!
The scorpion poisons you!
You hit the scorpion.
The scorpion is moderately wounded.
* * * LOW HITPOINT WARNING * * *
You feel extremely sick. The scorpion barely misses you.
It was a potion of flight.
You feel very buoyant.
You fly up into the air.
* * * LOW HITPOINT WARNING * * *
You feel very sick. The scorpion barely misses you.
It was a potion of curing.
You feel better. The scorpion stings you.
* * * LOW HITPOINT WARNING * * *
You are lethally poisoned!
The scorpion poisons you!
The orc hits you from afar with a +0 trident.
* * * LOW HITPOINT WARNING * * *
The scorpion stings you.
* * * LOW HITPOINT WARNING * * *
It was a potion of haste.
You feel yourself speed up.
* * * LOW HITPOINT WARNING * * *
You feel very sick.
The orc hits you from afar with a +0 trident.
* * * LOW HITPOINT WARNING * * *
The scorpion closely misses you.
You die...
Your body crumbles into a pile of gold.

#..♣♣ #.P.. #######...
#.....#)## #.....#.## #
#.....'.## #.#####
#.....####
###.....############.######
.......os.@.........)......
#.#####o############.######
.... #......... ....o..
#......... ..#.......
#........) ...........
#.........
.....$.....########.#.####
..$........#.....##.#.#
#.....##.#.#


You could see a scorpion and 2 orcs.

Vanquished Creatures
  A gnoll (D:1)
  3 adders (D:3)
  5 worms
  2 dart slugs
  An orc (D:4)
  11 ball pythons
  8 bats
  3 endoplasms
  4 giant cockroaches
  6 goblins
  3 hobgoblins
  11 kobolds
  3 quokkas
  5 frilled lizards
  4 rats
70 creatures vanquished.

Notes
Turn   | Place    | Note
-------+----------+-------------------------------------------
     0 | D:1      | patchburns1 the Demonspawn Fighter began the quest for the
                  | Orb.
     0 | D:1      | Reached XP level 1. HP: 18/18 MP: 1/1
    49 | D:1      | Gained mutation: You have a small tail. [demonic ancestry]
    49 | D:1      | Reached XP level 2. HP: 12/24 MP: 2/2
   350 | D:1      | Reached XP level 3. HP: 29/29 MP: 3/3
   831 | D:2      | Found a faded altar of an unknown god.
  1643 | D:3      | Reached XP level 4. HP: 30/35 MP: 4/4
  2227 | D:3      | Found an opulent altar of Gozag.
  2252 | D:3      | Became a worshipper of Gozag Ym Sagoz the Greedy
  2929 | D:4      | Noticed a scorpion
  2940 | D:4      | HP: 1/37 [orc (1)]
  2941 | D:4      | Succumbed to a scorpion's poison

Illustrated notes

Levels and vault maps discovered:
D:1:      lightli_arrival_quake, layout_rooms, chequers_mini_garden
D:2:      layout_basic, nicolae_ecumenical_snake_handling
D:3:      layout_basic, grunt_gozag_breadcrumbs
D:4:      layout_basic, nicolae_uskayaw_dance_hall, serial_forest,
          infiniplex_forest_clump_double, infiniplex_forest_corner_1,
          infiniplex_forest_lined_2, infiniplex_forest_straight_2,
          infiniplex_forest_clump_small, uniq_natasha

Skill      XL: |  1  2 |
---------------+-------+-----
Shields        | 3 |  3.3
Polearms       | 2 |  2.5
Armour         | 3 |  3.3
Fighting       | |  3.7
Throwing       | |  0.8
Dodging        | |  0.8
Evocations     | |  0.1

Action                   |  1- 3 |  4- 6 || total
-------------------------+-------+-------++-------
Melee: Trident           |   151 |    86 ||   237
       Tailslap          |    13 |     5 ||    18
  Use: Potion            |       |     3 ||     3
Armor: Scale mail        |    69 |    24 ||    93
Dodge: Dodged            |    60 |    28 ||    88
Block: Buckler           |    12 |       ||    12
       Kite shield       |    51 |    29 ||    80

Table legend: (Time is in decaauts)
 A = Elapsed time spent in this place.
 B = Non-inter-level travel time spent in this place.
 C = Inter-level travel time spent in this place.
 D = Time resting spent in this place.
 E = Time spent auto-exploring this place.
 F = Levels seen in this place.
 G = Mean time per level.
                   A        B        C        D        E       F      G
               +--------+--------+--------+--------+--------+-----+--------+
         Total |   3029 |   2925 |    104 |    304 |   1294 |   4 |  757.2 |
       Dungeon |   3029 |   2925 |    104 |    304 |   1294 |   4 |  757.2 |
               +--------+--------+--------+--------+--------+-----+--------+

Top non-repeatable levels by time:
     D:3: 1104 daAuts
     D:2: 997 daAuts
     D:1: 680 daAuts
     D:4: 246 daAuts
